AoeStats
← hadibaaayım

Arabia

507902145Analyzed
1v1 RM · 11d ago on Sep 20, 2026· 38m 8s· 2 players
Game mode
Random Map
Map size
Tiny (2 player)
Population
200
Speed
Normal
Resources
Standard
Victory
Conquest
Starting age
Dark Age
Ending age
Imperial Age
RankedLock teamsTeams togetherTeam positionsShared explorationLock speedFull tech treeHidden civsTurbo modeCheats
Victory
Defeat
🇦🇷 Teutons · Argentina
967
+16
🇹🇷 Franks · Türkiye
969
-16
BoxStars
6:31 Loom
9:24 Feudal Age
11:12 Double-Bit Axe
14:35 Wheelbarrow
15:54 Horse Collar
18:40 Gold Mining
22:34 Castle Age
20:53 Scale Barding Armor
21:49 Bloodlines
22:13 Forging
22:50 Stone Mining
23:55 Chain Barding Armor
25:36 Iron Casting
25:21 Bow Saw
28:11 Stone Shaft Mining
28:15 Heavy Plow
39:42 Imperial Age
37:58 Hand Cart
hadibaaayım
1:25 Loom
11:55 Feudal Age
12:28 Double-Bit Axe
19:37 Gold Mining
22:17 Padded Archer Armor
22:07 Fletching
22:28 Forging
26:14 Castle Age
26:58 Husbandry
26:19 Light Cavalry
27:31 Squires
27:42 Scale Barding Armor
31:13 Pikeman
33:15 Town Watch
34:06 Wheelbarrow
34:21 Gold Shaft Mining
36:45 Town Patrol
Connection lost

Rejoining the realm…

Still unreachable

The connection could not be restored.

Session expired

The server has moved on; the page needs a fresh start.